 Dungeon Crawl Stone Soup version 0.31.0-11-ge490571c62 (webtiles) character file.

Game seed: 9942424323717345157

6 Killerpretzel the Changeling (level 1, -1/13 HPs)
             Began as an Octopode Shapeshifter on Feb 10, 2024.
             Slain by a jackal (2 damage)
             ... on level 1 of the Dungeon.
             The game lasted 00:00:30 (104 turns).

Killerpretzel the Changeling (Octopode Shapeshifter) Turns: 104, Time: 00:00:31

Health: -1/13      AC:  1    Str: 13    XL:     1   Next: 90%
Magic:  1/1        EV: 13    Int: 12    God:
Gold:   21         SH:  0    Dex: 11    Spells: 0/0 levels left

rFire   . .          .
                       - Unarmed
rCold   . . .        (no shield)
rNeg    . . .        (helmet currently unavailable)
rPois   .            (no amulet)
rElec   .            (no ring)
rCorr   .            (no ring)
SInv    .            (no ring)
Will    .....        (no ring)
Stlth   ++           (no ring)
HPRegen 0.22/turn    (no ring)
MPRegen 0.07/turn    (no ring)
                     (no ring)

%: no passive effects
@: beast-form
A: beast (slay +1), almost no armour, amphibious, 8 rings, camouflage 1,
gelatinous body 1, (nimble swimmer 1), tentacles
a: Begin Untransformation


You were on level 1 of the Dungeon.
You were a hulking beast.
You visited 1 branch of the dungeon, and saw 1 of its levels.

You collected 21 gold pieces.

Inventory:

Talismans
 b - a beast talisman
 c - a flux talisman
Scrolls
 e - a scroll of fear {unknown}
 f - a scroll of amnesia {unknown}
Potions
 a - a potion of lignification
 d - a potion of heal wounds {unknown}


   Skills:
 + Level 1.1 Fighting
 + Level 2.1 Dodging
 + Level 3.0 Unarmed Combat
 * Level 3.1 Shapeshifting


You couldn't memorise any spells.
You didn't know any spells.
Your spell library was empty.

Dungeon Overview and Level Annotations

Branches:
Dungeon (1/15)

Altars:


Innate Abilities, Weirdness & Mutations

You are a hulking beast.
Your limbs bulge with bestial killing power. (Slay +1)
You cannot wear most types of armour.
You are amphibious.
You can wear up to eight rings at the same time.
Your skin changes colour to match your surroundings (Stealth+).
Your rubbery body absorbs attacks. (AC +1, EV +1)
((You are camouflaged when in or above water. (Stealth+)))
You have tentacles for arms and can constrict up to eight enemies at once.


Message History

No target in view!
A goblin comes into view. It is wielding a +0 club.
You closely miss the jackal. You grab the jackal. You constrict the jackal.
The jackal misses you. The jackal closely misses you.
You tentacle-slap the jackal.
You kill the jackal!
A bat comes into view.
You closely miss the jackal. Your grab misses the jackal.
Your tentacle-slap misses the jackal.
The jackal bites you. The jackal completely misses you. The jackal bites you.
You miss the jackal. You grab the jackal.
You constrict the jackal, but do no damage.
The jackal bites you. x2
You tentacle-slap the jackal.
You squeeze the jackal, but do no damage.
The jackal is moderately wounded.
You constrict the jackal. The jackal bites you. The bat hits you.
The jackal bites you.
* * * LOW HITPOINT WARNING * * *
The jackal bites you.
* * * LOW HITPOINT WARNING * * *
You release your grip on the jackal.
The bat hits you but does no damage. The bat misses you.
The jackal attacks as it pursues you! The jackal misses you.
The jackal barely misses you.
You miss the jackal. Your grab misses the jackal.
The jackal bites you but does no damage.
You tentacle-slap the jackal.
You kill the jackal!
The jackal barely misses you.
You tentacle-slap the jackal.
You kill the jackal!
The jackal bites you.
* * * LOW HITPOINT WARNING * * *
You tentacle-slap the jackal but do no damage.
You grab the jackal.
You constrict the jackal, but do no damage.
The jackal bites you but does no damage.
You completely miss the jackal. You constrict the jackal. The jackal bites you.
You die...

#..# #.# #..# #.# #. #..#
##.## ###..
##############...##....#
###................#K....
...................#...
.###############.#.#.# .#
#hh# #.#.#.# .# #hh#
#h#.#.# .# #..# #h#.#.#
.. #..# #b#.#.# ..
#..#####g..#.# ..
#...>.#...##.# ...
###...## .# #....##
.........# ..........#


You could see a jackal, a goblin and a bat.

Vanquished Creatures
  A hobgoblin (D:1)
  3 jackals (D:1)
  A frilled lizard (D:1)
5 creatures vanquished.

Notes
Turn   | Place    | Note
-------+----------+-------------------------------------------
     0 | D:1      | Killerpretzel the Octopode Shapeshifter began the quest for
                  | the Orb.
     0 | D:1      | Reached XP level 1. HP: 13/13 MP: 1/1
   104 | D:1      | Slain by a jackal

Illustrated notes

Levels and vault maps discovered:
D:1:      psy_arrival_fountain, layout_rooms, serial_co_window_serial,
          co_window_corner_a, co_window_paths_b, co_window_corner_a,
          co_window_paths_a, co_window_paths_a, co_window_paths_b,
          co_window_corner_a, co_window_paths_a, co_window_corner_a,
          co_window_unsneaky_path_e, co_window_cross_2,
          co_window_unsneaky_path_a, co_window_broadway_b, co_window_4corner_a,
          serial_shops, shop

Action                     || total
---------------------------++-------
  Melee: Unarmed           ||    15
         Constrict         ||     4
         Tentacles         ||     2
 Armour: Skin              ||    15
  Dodge: Dodged            ||     9
